 Dungeon Crawl Stone Soup version 0.22-a0-305-gd21a89c (webtiles) character file.

317 Amnesiac the Slicer (level 6, -13/37 HPs)
             Began as a Kobold Fighter on Mar 31, 2018.
             Mangled by an ogre
             ... wielding a +0 giant club
              (15 damage)
             ... on level 4 of the Dungeon.
             The game lasted 00:05:04 (2247 turns).

Amnesiac the Slicer (Kobold Fighter)                Turns: 2247, Time: 00:05:05

Health: -13/37     AC:  6    Str: 15    XL:     6   Next: 73%
Magic:  6/6        EV: 12    Int: 10    God:
Gold:   97         SH:  9    Dex: 14    Spells: 5/5 levels left

rFire    . . .     SeeInvis .   a - +0 rapier
rCold    . . .     Gourm    .   c - +0 shield
rNeg     . . .     Faith    .   n - +2 leather armour {rPois}
rPois    +         Spirit   .   (no helmet)
rElec    .         Reflect  .   (no cloak)
rCorr    .         Harm     .   (no gloves)
MR       .....                  g - +0 pair of boots
Stlth    +.........             (no amulet)
HPRegen  0.12/turn              (no ring)
MPRegen  0.10/turn              (no ring)

@: no status effects
A: small, carnivore
a: no special abilities


You were on level 4 of the Dungeon.
You were very full.

You visited 1 branch of the dungeon, and saw 6 of its levels.

You collected 97 gold pieces.

Inventory:

Hand Weapons
 a - a +0 rapier (weapon)
 p - a +0 hunting sling of freezing
Missiles
 b - 9 poisoned needles
Armour
 c - a +0 shield (worn)
 d - a +0 cloak
 g - a +0 pair of boots (worn)
 n - a +2 leather armour of poison resistance (worn)
Scrolls
 i - 3 scrolls of teleportation {!r}
 k - 2 scrolls of remove curse {!r, unknown}
 l - a scroll of fog {!r, unknown}
 m - a scroll of magic mapping {!r, unknown}
 q - a scroll of enchant armour {!r, unknown}
Potions
 e - a potion of curing {!q}
 o - a potion of lignification {!q}
Comestibles
 f - 4 rations


   Skills:
 + Level 3.2 Fighting
 - Level 8.1 Short Blades
 * Level 2.4 Armour
 + Level 2.6 Dodging
 * Level 2.4 Shields


You had 5 spell levels left.
You didn't know any spells.

Dungeon Overview and Level Annotations

Branches:
Dungeon (6/15)
 Temple: D:4-7

Altars:
Fedhas
Ru
Wu Jian
The Shining One

Annotations:
D:2 Jessica
D:4 Amnesiac's ghost, amateur KoFi


Innate Abilities, Weirdness & Mutations

You are small and have problems with some larger weapons.
You are carnivorous and can eat meat at any time.


Message History

The hound barely misses you. The hound bites you but does no damage.
The hound bites you but does no damage. You block the hound's attack.
Found a scroll of identify.
The hound bites you.
A gnoll shaman comes into view. It is wielding a club.
The gnoll shaman shouts!
You block the hound's attack. The adder bites you but does no damage.
The gnoll shaman mumbles some strange prayers to its god against you.
You are outlined in light.
The hound bites you but does no damage.
Found 20 arrows.
You block the adder's attack. You block the hound's attack.
The gnoll shaman closely misses you.
The orc suddenly grunts, in orcish tradition.
Found a cloak.
The hound bites you but does no damage. The hound bites you but does no damage.
A gnoll comes into view. It is wielding a club.
The gnoll shouts!
You hear a bark!
You hear a shout!
You hear a bark!
The gnoll moves out of view.
You block the hound's attack.
A gnoll comes into view. It is wielding a whip.
You see here a cloak.
d - a cloak The hound bites you. x2
A jackal and 3 gnolls come into view.
The gnoll shouts!
You hear a bark!
The gnoll hits you with a whip.
The gnoll moves out of view.
A jackal comes into view.
The jackal barks!
You hear a shout!
The gnoll hits you but does no damage. The hound bites you.
* * * LOW HITPOINT WARNING * * *
You block the gnoll's attack. The hound bites you but does no damage.
The hound closely misses you.
The gnoll shaman calls upon its god to speed up something.
The hound bites you.
* * * LOW HITPOINT WARNING * * *
You are no longer glowing.
You block the hound's attack.
The jackal pauses to sniff the ground.
You block the hound's attack.
Found an escape hatch in the ceiling.
Really read
i - 4 scrolls of teleportation {!r}?
As you read the scroll of teleportation {!r}, it crumbles to dust.
You feel strangely unstable. The hound bites you.
* * * LOW HITPOINT WARNING * * *
The hound bites you but does no damage. You block the hound's attack.
Found a hunting sling.
Your surroundings suddenly seem different.
The crimson imp shouts!
The crimson imp blinks!
Found 6 javelins.
You see here a ration.
f - 4 rations (gained 1)
The crimson imp blinks!
There is a stone staircase leading up here.
You climb upwards.
Level annotation: Amnesiac's ghost, amateur KoFi Amnesiac's ghost hits you!
* * * LOW HITPOINT WARNING * * *
The ogre hits you with a giant club!
You die...

...###..#####.........#
........ ## #.........#
........ ..##.........#
........ #............#
.#.##### ###..........#
##.# #...........# .
...#......(..# .o
....#...O.....# .o ...
#...@W....# ...
#.........# ##.......##
##.....## #######


You could see an ogre and Amnesiac's ghost.

Vanquished Creatures
  A phantom (D:6)
  An orc wizard (D:4)
  2 orc priests
  An iguana (D:6)
  2 worker ants
  An adder (D:5)
  A worm (D:3)
  A leopard gecko (D:3)
  7 orcs
  2 giant cockroaches
  3 goblins
  13 jackals
  2 kobolds
  3 bats
  2 frilled lizards
  4 rats
46 creatures vanquished.

Vanquished Creatures (others)
  A plant (D:5)
1 creature vanquished.

Grand Total: 47 creatures vanquished

Notes
Turn   | Place    | Note
-------+----------+-------------------------------------------
     0 | D:1      | Amnesiac the Kobold Fighter began the quest for the Orb.
     0 | D:1      | Reached XP level 1. HP: 14/14 MP: 1/1
    91 | D:1      | Reached skill level 3 in Short Blades
   100 | D:1      | Reached XP level 2. HP: 16/19 MP: 2/2
   104 | D:1      | Reached skill level 1 in Dodging
   192 | D:2      | Found a sacrificial altar of Ru.
   297 | D:2      | Noticed Jessica
   671 | D:3      | Reached XP level 3. HP: 23/23 MP: 3/3
   733 | D:3      | Reached skill level 4 in Short Blades
   853 | D:3      | Reached XP level 4. HP: 20/28 MP: 4/4
  1005 | D:3      | Found a blossoming altar of Fedhas.
  1116 | D:4      | Reached skill level 5 in Short Blades
  1127 | D:4      | Reached XP level 5. HP: 6/32 MP: 5/5
  1351 | D:4      | Reached skill level 6 in Short Blades
  1425 | D:4      | Noticed Amnesiac's ghost (amateur KoFi)
  1456 | D:4      | Found a glowing golden altar of the Shining One.
  1655 | D:4      | Noticed an ogre
  1707 | D:5      | Entered Level 5 of the Dungeon
  1707 | D:5      | Noticed an orc warrior
  1717 | D:6      | Noticed a phantom
  1729 | D:6      | Killed a phantom
  1729 | D:6      | Reached skill level 7 in Short Blades
  1729 | D:6      | Reached XP level 6. HP: 26/37 MP: 6/6
  1756 | D:5      | Reached skill level 8 in Short Blades
  1788 | D:5      | Noticed an ice beast
  2106 | D:6      | Found an ornate altar of the Wu Jian Council.
  2247 | D:4      | Mangled by an ogre

Vault maps used:
D:1:      dpeg_arrival_rhombi, kennysheep_flooded_box, hex_intersection
D:2:      marbit_many_paths, nicolae_ru_path_of_blood, uniq_jessica
D:3:      first_ration, fedhas_altar_1
D:4:      tso_metal_star
D:5:      lemuel_castle_with_subvaults
D:6:      nicolae_overflow_crystal_walls, minitemple, elyvilon_altar_3

Skill      XL: |  1  2  3  4  5  6 |
---------------+-------------------+-----
Short Blades   | 3 4 5 7 8 |  8.1
Dodging        | 1 2 |  2.6
Fighting       | |  3.2
Armour         | |  2.4
Shields        | |  2.4

Action                   |  1- 3 |  4- 6 || total
-------------------------+-------+-------++-------
Melee: Rapier            |   103 |   100 ||   203
  Use: Potion            |     1 |     2 ||     3
       Scroll            |       |     3 ||     3
  Eat: Chunk             |     8 |     4 ||    12
Armor: Scale mail        |    48 |       ||    48
       Leather armour    |       |    35 ||    35
Dodge: Dodged            |    46 |    77 ||   123
Block: Shield            |    46 |    73 ||   119

Table legend:
 A = Spawn XP
 B = Non-spawn XP
 C = Spawn XP percentage of total XP
 D = Spawn monster count
 E = Non-spawn monster count
 F = Spawn count percentage of total count
 G = Total turns spent on level
                    A         B        C        D         E        F      G
               +---------+---------+-------+---------+---------+-------+---------
         Total |       0 |     453 |   0.0 |       0 |      46 |   0.0 |  2247
               +---------+---------+-------+---------+---------+-------+---------
           D:1 |       0 |      19 |   0.0 |       0 |      11 |   0.0 |   448
           D:2 |       0 |       8 |   0.0 |       0 |       5 |   0.0 |   220
           D:3 |       0 |      48 |   0.0 |       0 |       8 |   0.0 |   341
           D:4 |       0 |     140 |   0.0 |       0 |      13 |   0.0 |   698
           D:5 |       0 |      68 |   0.0 |       0 |       7 |   0.0 |   464
           D:6 |       0 |     170 |   0.0 |       0 |       2 |   0.0 |    76
               +---------+---------+-------+---------+---------+-------+---------
